 Dungeon Crawl Stone Soup version 0.15-a0-411-g153a95e (console) character file.

555 xw the Chopper (level 6, -1/37 HPs)
             Began as a Gargoyle Fighter on May 4, 2014.
             Slain by a yellow wasp zombie (3 damage)
             ... on Level 4 of the Dungeon.
             The game lasted 00:01:56 (3517 turns).

xw the Chopper (Gargoyle Fighter)                   Turns: 3517, Time: 00:01:56

HP  -1/37        AC 15     Str 19      XL: 6   Next: 63%
MP   6/6         EV  3     Int  9      God:
Gold 199         SH 18     Dex 11      Spells:  0 memorised,  5 levels left

rFire  . . .     SeeInvis .     Y - +0 war axe {mapnotes,}
rCold  . . .     Clarity  .     j - +0 plate armour
rNeg   + . .     Conserve .     c - +0 shield
rPois  +         rCorr    .     (no helmet)
rElec  +         rRot     +     (no cloak)
SustAb . .       Spirit   .     (no gloves)
rMut   .         Warding  .     (no boots)
Saprov . . .     Stasis   .     (no amulet)
MR     .....                    (no ring)
                                (no ring)

@: not resistant to hostile enchantments, extremely unstealthy
A: life protection 1, electricity resistance, unbreathing, petrification
resistance, AC +4
a: no special abilities


You were on level 4 of the Dungeon.
You were not hungry.

You visited 1 branch of the dungeon, and saw 4 of its levels.

You collected 199 gold pieces.

Inventory:

Hand weapons
 Y - a +0,+0 war axe (weapon) {mapnotes,}
Missiles
 n - 2 darts (quivered)
 p - 107 stones
Armour
 c - a +0 shield (worn)
 j - a +0 plate armour (worn)
Magical devices
 s - a wand of slowing (13) {unknown}
Comestibles
 a - an apple
 d - 5 bread rations
 f - a meat ration
 h - 2 pears
 l - a rambutan
 q - a rotting chunk of goblin flesh
 r - 3 chunks of orc flesh
Scrolls
 b - a scroll of recharging {unknown}
 i - 3 scrolls of identify
 k - 2 scrolls of remove curse
 o - a scroll of fog {unknown}
 t - a scroll of enchant weapon I {unknown}
Potions
 e - 2 potions of might
 m - a potion of curing


   Skills:
 - Level 3.2 Fighting
 * Level 5.2 Axes
 + Level 3.4 Throwing
 - Level 3.2 Armour
 - Level 3.2 Shields


You had 5 spell levels left.
You didn't know any spells.

Dungeon Overview and Level Annotations

Branches:
Dungeon (4/15)
 Temple: D:4-7

Altars:


Innate Abilities, Weirdness & Mutations

You are resistant to torment.
You are immune to poison.
You are immune to rotting.
Your stone body is very resilient (AC +4).
You resist negative energy.
You are resistant to electric shocks.
You can survive without breathing.
You are immune to petrification.


Message History

3500 ||| turn
3501 ||| turn
3502 ||| turn
3503 ||| turn
3504 ||| turn
3505 ||| turn
3505 ||| Fleeing towards (1,-1) corridor
3506 ||| turn
3507 ||| turn
3508 ||| turn
3509 ||| turn
3510 ||| turn
3511 ||| turn
3512 ||| turn
3513 ||| turn
3514 ||| turn
3515 ||| turn
3516 ||| turn
3517 ||| turn You die...

....... ...
........ #Z.##
....... ......
......
..[....###....#
(.............#
(...... #....#
##########(......#
#..).#
#......(9Z.#.#
#....#
7.77########g#
#.#.##


77gP77 #.# #.#.## 7.7g.77 #.# #.#.## #777P.7 #g# #.#.## 77.777####g#### #.#...
77...7........# #.#... 7.PP.7........####.#... #777.7................. You could
see a yellow wasp zombie.

Vanquished Creatures
  An ogre (D:4)
  2 orc wizards (D:4)
  Ijyb (D:4)
  Terence (D:2)
  7 adders
  A giant mite (D:3)
  2 worms
  An ooze (D:2)
  13 orcs
  A ball python (D:3)
  2 giant cockroaches
  16 goblins
  7 hobgoblins
  10 jackals
  6 kobolds
  A quokka (D:1)
  4 bats
  3 giant geckos
  4 giant newts
  9 rats
92 creatures vanquished.

Notes
Turn   | Place    | Note
--------------------------------------------------------------
     0 | D:1      | xw, the Gargoyle Fighter, began the quest for the Orb.
     0 | D:1      | Reached XP level 1. HP: 14/14 MP: 1/1
     0 | D:1      | ignoring white imp
     2 | D:1      | Noticed Cuony the pandemonium lord
    13 | D:1      | Noticed an ice devil
    16 | D:1      | Noticed an Executioner
   223 | D:1      | Reached XP level 2. HP: 19/19 MP: 2/2
   495 | D:1      | Fleeing towards (-2,-1) corridor
   566 | D:1      | Reached skill level 1 in Throwing
   990 | D:1      | TESTING POTIONS
   991 | D:1      | TESTING SCROLLS
   992 | D:1      | TESTING SCROLLS
   993 | D:1      | TESTING SCROLLS
   994 | D:1      | TESTING SCROLLS
   995 | D:1      | Dropping junk: 2 rotting chunks of kobold flesh
  1004 | D:1      | Reached XP level 3. HP: 23/23 MP: 3/3
  1104 | D:2      | Fleeing towards (4,5) corridor
  1110 | D:2      | Fleeing towards (1,1) corridor
  1450 | D:2      | Reached XP level 4. HP: 28/28 MP: 4/4
  1500 | D:2      | Noticed Terence
  1509 | D:2      | Killed Terence
  1916 | D:2      | TESTING POTIONS
  1916 | D:2      | Paralysed by a potion of paralysis for 7 turns
  1923 | D:2      | TESTING SCROLLS
  1924 | D:2      | TESTING SCROLLS
  1925 | D:2      | TESTING SCROLLS
  1926 | D:2      | New armour: plate armour (1210)
  1926 | D:2      | Old armour: +0 scale mail (960)
  1943 | D:2      | Dropping junk armour
  1944 | D:2      | Dropping junk armour
  2103 | D:3      | Reached XP level 5. HP: 32/32 MP: 5/5
  2196 | D:3      | Reached skill level 4 in Axes
  2858 | D:3      | TESTING POTIONS
  2977 | D:3      | TESTING SCROLLS
  2978 | D:3      | Dropping junk: potion of berserk rage
  3133 | D:4      | Reached XP level 6. HP: 31/37 MP: 6/6
  3215 | D:4      | Noticed Ijyb
  3215 | D:4      | ignoring Ijyb
  3215 | D:4      | ignoring goblin
  3273 | D:4      | Killed Ijyb
  3499 | D:4      | Noticed an ogre
  3505 | D:4      | Fleeing towards (1,-1) corridor
  3508 | D:4      | Killed an ogre
  3508 | D:4      | Reached skill level 5 in Axes
  3516 | D:4      | HP: 1/37 [yellow wasp zombie (1)]
  3517 | D:4      | Slain by a yellow wasp zombie

Action                   |  1- 3 |  4- 6 || total
-------------------------+-------+-------++-------
Melee: War axe           |    86 |   151 ||   237
Throw: Dart              |    23 |    80 ||   103
       Stone             |     4 |    14 ||    18
  Use: Scroll            |     4 |     4 ||     8
       Potion            |     1 |     2 ||     3

Vault maps used:
D:1:      wheals_arrival_demonology, st_stairs_3, serial_park_tiny_2
D:2:      nicolae_overflow_hidden_temple, first_bread, minmay_quantized,
          uniq_terence
D:4:      kennysheep_the_goblin_king, serial_forest, infiniplex_forest_lined_3,
          infiniplex_forest_lined_corner, infiniplex_forest_straight_3,
          infiniplex_forest_lined_1, infiniplex_forest_clump_long,
          infiniplex_forest_diagonal, infiniplex_forest_clump_diagonal,
          infiniplex_forest_zigzag_1, minmay_misc_feat_roman
